 Dungeon Crawl Stone Soup version 0.22-a0-247-gbddf880 (webtiles) character file.

2339 KarmaPolice the Skirmisher (level 9, -2/72 HPs)
             Began as a Demonspawn Abyssal Knight on Feb 24, 2018.
             Was a Believer of Lugonu.
             Slain by a slime creature (13 damage)
             ... on level 6 of the Dungeon.
             The game lasted 00:29:13 (8249 turns).

KarmaPolice the Skirmisher (DsAK)                   Turns: 8249, Time: 00:29:14

Health: -2/72      AC: 11    Str: 16    XL:     9   Next: 19%
Magic:  0/12       EV: 25    Int: 14    God:    Lugonu [**....]
Gold:   507        SH:  0    Dex: 14    Spells: 8/8 levels left

rFire    + + .     SeeInvis .   x - +0 flail (venom)
rCold    . . .     Gourm    .   (no shield)
rNeg     . . .     Faith    .   w - +1 ring mail "Ydobb" {Dex+2}
rPois    .         Spirit   +   (no helmet)
rElec    .         Reflect  .   z - scarf {Spirit}
rCorr    .         Harm     .   (no gloves)
MR       .....                  p - +0 pair of boots
Stlth    +.........             q - amulet of the acrobat
HPRegen  0.22/turn              g - ring of protection from fire
MPRegen  0.13/turn              (no ring)

@: no status effects
A: talons 1, slimy green scales 2, fire resistance 1
a: Depart the Abyss, Bend Space, Renounce Religion


You were on level 6 of the Dungeon.
You worshipped Lugonu.
Lugonu was pleased with you.
You were not hungry.

You visited 1 branch of the dungeon, and saw 8 of its levels.
You visited the Abyss 1 time.

You collected 507 gold pieces.

Inventory:

Hand Weapons
 a - a +1 hand axe
 s - a +1 short sword of electrocution
 x - a +0 flail of venom (weapon)
 D - a +2 battleaxe
Armour
 p - a +0 pair of boots (worn)
 t - a +0 cloak
 w - the +1 ring mail "Ydobb" (worn) {Dex+2}
   (You found it on level 4 of the Dungeon)

   It affects your dexterity (+2).
 z - a scarf of spirit shield (worn)
Jewellery
 g - a ring of protection from fire (left hand)
 q - an amulet of the acrobat (around neck)
Wands
 y - a wand of iceblast (8)
 C - a wand of flame (18)
Scrolls
 b - 2 scrolls of amnesia
 d - 3 scrolls of identify
 i - a scroll of fear
 k - 2 scrolls of enchant armour {unknown}
 m - 2 scrolls of remove curse {unknown}
 r - 2 scrolls of teleportation {unknown}
 u - 3 scrolls of noise
 A - a scroll of blinking {unknown}
 B - a scroll of enchant weapon {unknown}
Potions
 e - a potion of might {unknown}
 f - 3 potions of curing
 h - a potion of invisibility {unknown}
 j - a potion of agility {unknown}
 l - a potion of degeneration {unknown}
 n - 2 potions of haste {unknown}
 o - a potion of brilliance {unknown}
 v - a potion of resistance {unknown}
Comestibles
 c - 13 rations
 E - 3 chunks of flesh


   Skills:
 + Level 7.0 Fighting
 - Level 2.4 Short Blades
 - Level 3.1(4.4) Axes
 + Level 4.9(5.3) Maces & Flails
 + Level 5.2 Armour
 - Level 0.8 Dodging
 - Level 4.1 Invocations
 + Level 5.0 Evocations


You had 8 spell levels left.
You didn't know any spells.

Dungeon Overview and Level Annotations

Branches:
Dungeon (8/15)
 Temple: D:4-7         Lair: D:8-11

Altars:
Ashenzari
Elyvilon
Qazlal
Sif Muna
Trog
Uskayaw
Yredelemnul

Shops:
D:5 [


Innate Abilities, Weirdness & Mutations

You have sharp toenails.
You are mostly covered in slimy green scales. (AC +3)
Your flesh is heat resistant. (rF+)


Message History

Evoke which item? (* to show all) (? for menu, Esc to quit)
Aiming: Throw Flame
Press: ? - help, Shift-Dir - straight line, f/p - slime creature
Aim: a slime creature (heavily wounded)
The puff of flame hits the slime creature.
The slime creature is severely wounded.
The slime creature hits you but does no damage.
The slime creature completely misses you.
You completely miss the slime creature.
The slime creature is severely wounded.
The slime creature hits you.
* * * LOW HITPOINT WARNING * * *
You see here a dagger.
You hit the slime creature.
The slime creature is poisoned.
The slime creature is severely wounded.
The slime creature hits you but does no damage.
The slime creature jiggles.
The slime creature looks more healthy.
The slime creature hits you!
You die...

#.#####.....P.P.# #..#
#..# #.........###.## ###
##.# #...........#.# #..
#.####.........#...# ##.#
#.##....)...zz.##..####..#
#.##.###.########.....).##
#.#..###.########....####
#.#.###..##...........##
#.#.###..@J.####.####..###
#...##...#### ##.# ##.##.
####..##..## ###..# #.##.
##......#.######...##
#....
##................###
###.. #.................#
##. #........z........# #.
#.................# #.
#........<........# #.


You could see a slime creature.

Vanquished Creatures
  The ghost of mortelune the Chiller, a novice DsIE (D:6)
  A slime creature (D:7)
  A hippogriff (D:7)
  The ghost of Amnesiac the Digger, an amateur FoEE (D:4)
  2 orc warriors
  An ice beast (D:8)
  A phantom (D:5)
  An ogre (D:5)
  A centaur (D:6)
  A bullfrog (D:6)
  4 wights
  2 howler monkeys
  A crimson imp (D:7)
  3 hounds
  4 orc priests
  A bullfrog skeleton (D:5)
  6 orc wizards
  2 worker ants (D:5)
  A hound skeleton (D:4)
  5 adders
  An ooze (D:6)
  2 adder skeletons
  3 worms
  2 leopard geckos
  23 orcs
  4 bats
  5 giant cockroaches
  7 goblins
  6 hobgoblins
  14 jackals
  3 quokkas
  A ball python (D:3)
  6 frilled lizards
  A jackal skeleton (D:2)
  4 kobolds
  A leopard gecko zombie (D:5)
  A quokka zombie (D:5)
  7 rats
131 creatures vanquished.

Vanquished Creatures (others)
  A kobold (D:2)
  A quokka (D:7)
2 creatures vanquished.

Grand Total: 133 creatures vanquished

Notes
Turn   | Place    | Note
-------+----------+-------------------------------------------
     0 | Abyss:1  | KarmaPolice the Demonspawn Abyssal Knight began the quest for the Orb.
     0 | Abyss:1  | Reached XP level 1. HP: 18/18 MP: 2/2
    60 | Abyss:1  | Noticed a fire elemental
    61 | D:1      | Escaped the Abyss
   462 | D:1      | Reached * piety under Lugonu
   492 | D:1      | Gained mutation: You are partially covered in slimy green scales. (AC +2) [demonic ancestry]
   492 | D:1      | Reached XP level 2. HP: 14/24 MP: 4/4
  1363 | D:2      | Gained mutation: You have sharp toenails. [demonic ancestry]
  1363 | D:2      | Reached XP level 3. HP: 20/29 MP: 5/5
  2093 | D:2      | Noticed an ice beast
  2226 | D:2      | Found a deep blue altar of Sif Muna.
  2540 | D:3      | Reached XP level 4. HP: 37/37 MP: 6/6
  2925 | D:3      | Reached ** piety under Lugonu
  3434 | D:3      | Reached skill level 1 in Short Blades
  3721 | D:4      | Found a hide-covered altar of Uskayaw.
  3723 | D:4      | Found a bloodstained altar of Trog.
  3767 | D:4      | Reached XP level 5. HP: 40/42 MP: 8/8
  3831 | D:4      | Reached skill level 4 in Fighting
  4565 | D:4      | Noticed Amnesiac's ghost (amateur FoEE)
  4585 | D:4      | Got a jewelled ring mail
  4623 | D:3      | Identified the +1 ring mail "Ydobb" {Dex+2} (You found it on level 4 of the Dungeon)
  4898 | D:4      | Killed Amnesiac's ghost
  4898 | D:4      | Reached skill level 1 in Maces & Flails
  4898 | D:4      | Gained mutation: You are mostly covered in slimy green scales. (AC +3) [demonic ancestry]
  4898 | D:4      | Reached XP level 6. HP: 33/49 MP: 9/9
  5172 | D:5      | Entered Level 5 of the Dungeon
  5181 | D:5      | Found a stormy altar of Qazlal.
  5292 | D:5      | You fall through a shaft for 3 floors!
  5306 | D:8      | Noticed an ice beast
  5325 | D:8      | Killed an ice beast
  5356 | D:7      | Noticed a slave
  5374 | D:6      | Reached skill level 1 in Evocations
  5423 | D:5      | Reached XP level 7. HP: 54/55 MP: 10/10
  5515 | D:5      | Found Wauk's Armour Emporium.
  5651 | D:5      | Reached skill level 5 in Fighting
  6226 | D:6      | Noticed mortelune's ghost (novice DsIE)
  6311 | D:6      | Found a shattered altar of Ashenzari.
  6433 | D:6      | Found a basalt altar of Yredelemnul.
  6567 | D:5      | Gained mutation: Your flesh is heat resistant. (rF+) [demonic ancestry]
  6567 | D:5      | Reached XP level 8. HP: 40/64 MP: 5/11
  6952 | D:6      | Killed mortelune's ghost
  6952 | D:6      | Reached skill level 6 in Fighting
  7219 | D:7      | Found a white marble altar of Elyvilon.
  7937 | D:7      | Noticed a hippogriff
  7947 | D:7      | Killed a hippogriff
  7947 | D:7      | Reached skill level 5 in Armour
  7947 | D:7      | Reached XP level 9. HP: 40/71 MP: 7/12
  8198 | D:7      | Reached skill level 7 in Fighting
  8198 | D:7      | Reached skill level 5 in Evocations
  8249 | D:6      | Slain by a slime creature

Vault maps used:
D:1:      minmay_arrival_split_and_join, patterned_corridor
D:2:      lemuel_round_altar, hangedman_abyss_or_decor_stabs,
          minmay_misc_feat_more_columns
D:4:      chequers_temple_overflow_statue_of_worship
D:5:      nicolae_qazlal_general_emergency, serial_shops, shop, first_ration
D:6:      kennysheep_mini, yredelemnul_altar_generic
D:7:      kennysheep_housing_project, minmay_temple_entry_grid,
          kennysheep_flooded_box, st_stairs_3, elyvilon_altar_4, uniq_pikel,
          uniq_duvessa, uniq_crazy_yiuf_cottage
D:8:      the_bakery

Skill      XL: |  1  2  3  4  5  6  7  8  9 |
---------------+----------------------------+-----
Axes           | 2 3 |  3.1
Invocations    | 3 4 |  4.1
Short Blades   | 1 2 |  2.4
Fighting       | 4 5 6 7 |  7.0
Maces & Flails | 1 2 3 4 |  4.9
Armour         | 2 3 5 |  5.2
Evocations     | 1 3 4 5 |  5.0
Dodging        | |  0.8

Action                   |  1- 3 |  4- 6 |  7- 9 || total
-------------------------+-------+-------+-------++-------
Melee: Hand axe          |    67 |       |       ||    67
       Dagger            |    58 |    22 |       ||    80
       Short sword       |       |   117 |    40 ||   157
       Flail             |       |    33 |   205 ||   238
Invok: Depart the Abyss  |     1 |       |       ||     1
       Bend Space        |       |     2 |     5 ||     7
Evoke: Wand              |       |       |     2 ||     2
  Use: Scroll            |       |     3 |       ||     3
       Potion            |       |       |     1 ||     1
  Eat: Chunk             |     5 |     6 |     6 ||    17
       Ration            |       |     1 |     1 ||     2
Armor: Leather armour    |    45 |    25 |       ||    70
       Ring mail         |       |    20 |   112 ||   132
Dodge: Dodged            |    76 |   106 |   149 ||   331

Table legend:
 A = Spawn XP
 B = Non-spawn XP
 C = Spawn XP percentage of total XP
 D = Spawn monster count
 E = Non-spawn monster count
 F = Spawn count percentage of total count
 G = Total turns spent on level
                    A         B        C        D         E        F      G
               +---------+---------+-------+---------+---------+-------+---------
         Total |       0 |    3342 |   0.0 |       0 |     132 |   0.0 |  8249
               +---------+---------+-------+---------+---------+-------+---------
           D:1 |       0 |      33 |   0.0 |       0 |      13 |   0.0 |  1218
           D:2 |       0 |      63 |   0.0 |       0 |      27 |   0.0 |  1257
           D:3 |       0 |      83 |   0.0 |       0 |      20 |   0.0 |  1171
           D:4 |       0 |     329 |   0.0 |       0 |      15 |   0.0 |  1465
           D:5 |       0 |     710 |   0.0 |       0 |      21 |   0.0 |  1302
           D:6 |       0 |    1077 |   0.0 |       0 |      23 |   0.0 |  1001
           D:7 |       0 |     920 |   0.0 |       0 |      12 |   0.0 |   710
           D:8 |       0 |     127 |   0.0 |       0 |       1 |   0.0 |    64
               +---------+---------+-------+---------+---------+-------+---------
